 Dungeon Crawl Stone Soup version 0.26-a0-53-g45f243fec8 (webtiles) character file.

Game seed: 11458835555782178033

168 MarredHen the Stinger (level 5, -5/37 HPs)
             Began as a Gnoll Venom Mage on June 7, 2020.
             Slain by a gnoll
             ... wielding a +0 halberd of venom
              (15 damage)
             ... on level 3 of the Dungeon.
             The game lasted 00:05:14 (2428 turns).

MarredHen the Stinger (Gnoll Venom Mage)            Turns: 2428, Time: 00:05:14

Health: -5/37      AC:  3    Str: 10    XL:     5   Next: 49%
Magic:  3/12       EV:  7    Int: 18    God:
Gold:   151        SH:  0    Dex: 16    Spells: 11/14 levels left

rFire    . . .     SeeInvis .   j - +1 halberd (vorpal)
rCold    . . .     Gourm    .   (shield currently unavailable)
rNeg     . . .     Faith    .   d - +0 leather armour
rPois    .         Spirit   .   (no helmet)
rElec    .         Reflect  .   (no cloak)
rCorr    .         Harm     .   (no gloves)
MR       .....     Rnd*Tele +   (no boots)
Stlth    +++.......             (no amulet)
HPRegen  0.12/turn              e - ring of teleportation (curse)
MPRegen  0.13/turn              (no ring)

@: very slightly contaminated, held
A: distributed training, fangs 1, strong nose
a: no special abilities


You were on level 3 of the Dungeon.
You were not hungry.

You visited 1 branch of the dungeon, and saw 3 of its levels.

You collected 151 gold pieces.

Inventory:

Hand Weapons
 g - a +0 dagger
 j - a +1 vorpal halberd (weapon)
Armour
 a - a +0 robe
 d - a +0 leather armour (worn)
Jewellery
 e - a cursed ring of teleportation (left hand)
Scrolls
 f - a scroll of fog {unknown}
 h - a scroll of random uselessness {unknown}
 i - 2 scrolls of identify
Comestibles
 c - 4 rations


   Skills:
 + Level 1.4 Fighting
 + Level 1.4 Short Blades
 + Level 1.4 Long Blades
 + Level 1.4 Axes
 + Level 1.4 Maces & Flails
 + Level 1.4 Polearms
 + Level 1.4 Staves
 + Level 1.4 Slings
 + Level 1.4 Bows
 + Level 1.4 Crossbows
 + Level 1.4 Throwing
 + Level 1.4 Armour
 + Level 4.8 Dodging
 + Level 4.4 Stealth
 + Level 1.4 Shields
 + Level 1.4 Unarmed Combat
 + Level 5.2 Spellcasting
 + Level 1.1 Conjurations
 + Level 1.1 Hexes
 + Level 1.1 Charms
 + Level 1.1 Summonings
 + Level 1.1 Necromancy
 + Level 1.1 Translocations
 + Level 2.4 Transmutations
 + Level 1.1 Fire Magic
 + Level 1.1 Ice Magic
 + Level 1.1 Air Magic
 + Level 1.1 Earth Magic
 + Level 5.5 Poison Magic
 + Level 1.6 Invocations
 + Level 1.4 Evocations


You had 11 spell levels left.
You knew the following spells:

 Your Spells              Type           Power        Failure   Level  Hunger
a - Sting                 Tmut/Pois      ###.         3%          1    None
b - Poisonous Vapours     Pois/Air       ###...       6%          2    #......

Your spell library contained the following spells:

 Spells                   Type           Power        Failure   Level  Hunger
 Ignite Poison            Fire/Tmut/Pois ###.....     14%         3    ##.....
 Mephitic Cloud           Conj/Pois/Air  ##......     17%         3    ##.....
 Olgreb's Toxic Radiance  Pois           ###.....     17%         4    ####...


Dungeon Overview and Level Annotations

Branches:
Dungeon (3/15)

Altars:
The Shining One


Innate Abilities, Weirdness & Mutations

Your experience applies equally to all skills.
You have very sharp teeth.
Your uncanny sense of smell can sniff out nearby items.


Message History

Casting: Poisonous Vapours (safe; 6% risk of failure)
Confirm with . or Enter, or press ? or * to list all spells.
Aiming: Poisonous Vapours (safe; 6% risk of failure)
Press: ? - help, Dir - move target cursor, f/p - gnoll
Aim: a gnoll, wielding a +0 whip Poisonous vapours surround the gnoll!
You feel sick. The gnoll hits you. The gnoll barely misses you.
The gnoll is engulfed in poison gas.
The gnoll is poisoned.
The gnoll hits you with a +0 whip.
* * * LOW HITPOINT WARNING * * *
You feel better. The gnoll hits you but does no damage.
The gnoll barely misses you. x2
Casting: Poisonous Vapours (safe; 6% risk of failure)
Confirm with . or Enter, or press ? or * to list all spells.
Aiming: Poisonous Vapours (safe; 6% risk of failure)
Press: ? - help, Dir - move target cursor, f/p - gnoll
Aim: a gnoll, wielding a +0 whip (moderately wounded, poisoned) Poisonous vapours surround the gnoll!
The gnoll hits you.
* * * LOW HITPOINT WARNING * * *
The gnoll hits you from afar with a +0 halberd of venom!
You die...

###+##..
#...... ∆
#...<..
#$....
#.....
#..g########
+..g@.......
#....#######
###.g# #..#
#..# ...#
.#.. ..###
##


You could see 3 gnolls.

Vanquished Creatures
  Jessica (D:2)
  4 gnolls (D:2)
  5 adders (D:2)
  2 oozes (D:2)
  A dart slug (D:1)
  A leopard gecko (D:1)
  6 bats
  2 giant cockroaches (D:2)
  6 hobgoblins
  A ball python (D:3)
  3 frilled lizards
  10 goblins
  8 kobolds
  6 rats
56 creatures vanquished.

Notes
Turn   | Place    | Note
-------+----------+-------------------------------------------
     0 | D:1      | MarredHen the Gnoll Venom Mage began the quest for the Orb.
     0 | D:1      | Reached XP level 1. HP: 13/13 MP: 6/6
   262 | D:1      | Reached XP level 2. HP: 19/19 MP: 5/7
   541 | D:1      | Reached XP level 3. HP: 24/25 MP: 6/9
   842 | D:2      | Reached skill level 5 in Spellcasting
   959 | D:2      | Reached skill level 1 in Invocations
  1073 | D:2      | Noticed Jessica
  1078 | D:2      | Killed Jessica
  1078 | D:2      | Reached skill level 1 in Fighting
  1078 | D:2      | Reached skill level 1 in Short Blades
  1078 | D:2      | Reached skill level 1 in Long Blades
  1078 | D:2      | Reached skill level 1 in Axes
  1078 | D:2      | Reached skill level 1 in Maces & Flails
  1078 | D:2      | Reached skill level 1 in Polearms
  1078 | D:2      | Reached skill level 1 in Staves
  1078 | D:2      | Reached skill level 1 in Slings
  1078 | D:2      | Reached skill level 1 in Bows
  1078 | D:2      | Reached skill level 1 in Crossbows
  1078 | D:2      | Reached skill level 1 in Throwing
  1078 | D:2      | Reached skill level 1 in Armour
  1078 | D:2      | Reached skill level 1 in Shields
  1078 | D:2      | Reached skill level 1 in Unarmed Combat
  1078 | D:2      | Reached skill level 1 in Evocations
  1078 | D:2      | Reached XP level 4. HP: 32/32 MP: 8/11
  1412 | D:2      | Reached skill level 1 in Conjurations
  1412 | D:2      | Reached skill level 1 in Hexes
  1412 | D:2      | Reached skill level 1 in Charms
  1412 | D:2      | Reached skill level 1 in Summonings
  1412 | D:2      | Reached skill level 1 in Necromancy
  1412 | D:2      | Reached skill level 1 in Translocations
  1412 | D:2      | Reached skill level 1 in Fire Magic
  1412 | D:2      | Reached skill level 1 in Ice Magic
  1412 | D:2      | Reached skill level 1 in Air Magic
  1412 | D:2      | Reached skill level 1 in Earth Magic
  1624 | D:2      | Reached XP level 5. HP: 30/37 MP: 8/12
  2136 | D:2      | Found a glowing golden altar of the Shining One.
  2341 | D:3      | Learned a level 2 spell: Poisonous Vapours
  2428 | D:3      | Slain by a gnoll

Illustrated notes

Levels and vault maps discovered:
D:1:      minmay_arrival_hallway, layout_rooms
D:2:      layout_basic, tso_altar, uniq_jessica
D:3:      layout_basic, lemuel_crystal_altar, gammafunk_temple_overflow_pools,
          minmay_misc_feat_roman, hangedman_decor_clover_reticule,
          nicolae_qazlal_style_of_elements

Skill      XL: |  1  2  3  4 |
---------------+-------------+-----
Transmutations | 2 |  2.4
Spellcasting   | 5 |  5.2
Invocations    | 1 |  1.6
Fighting       | 1 |  1.4
Short Blades   | 1 |  1.4
Long Blades    | 1 |  1.4
Axes           | 1 |  1.4
Maces & Flails | 1 |  1.4
Polearms       | 1 |  1.4
Staves         | 1 |  1.4
Slings         | 1 |  1.4
Bows           | 1 |  1.4
Crossbows      | 1 |  1.4
Throwing       | 1 |  1.4
Armour         | 1 |  1.4
Shields        | 1 |  1.4
Unarmed Combat | 1 |  1.4
Evocations     | 1 |  1.4
Conjurations   | 1 |  1.1
Hexes          | 1 |  1.1
Charms         | 1 |  1.1
Summonings     | 1 |  1.1
Necromancy     | 1 |  1.1
Translocations | 1 |  1.1
Fire Magic     | 1 |  1.1
Ice Magic      | 1 |  1.1
Air Magic      | 1 |  1.1
Earth Magic    | 1 |  1.1
Dodging        | |  4.8
Stealth        | |  4.4
Poison Magic   | |  5.5

Action                   |  1- 3 |  4- 6 || total
-------------------------+-------+-------++-------
Melee: Unarmed           |     5 |       ||     5
       Dagger            |     6 |    26 ||    32
       Bite              |     1 |     2 ||     3
 Cast: Sting             |    45 |    45 ||    90
       Poisonous Vapours |       |     8 ||     8
  Use: Scroll            |     4 |       ||     4
       Potion            |       |     1 ||     1
  Eat: Chunk             |       |     3 ||     3
       Ration            |       |     1 ||     1
Armor: Leather armour    |     4 |    17 ||    21
Dodge: Dodged            |    23 |    46 ||    69

Table legend:
 A = Non-vault XP
 B = Vault XP
 C = Vault XP percentage of total XP
 D = Non-vault monster count
 E = Vault monster count
 F = Vault count percentage of total count
                 A         B        C        D         E       F
            +---------+---------+-------+---------+---------+-------
      Total |     204 |      37 |  15.4 |      55 |       1 |   1.8
            +---------+---------+-------+---------+---------+-------
        D:1 |      35 |       0 |   0.0 |      20 |       0 |   0.0
        D:2 |     164 |      37 |  18.4 |      31 |       1 |   3.1
        D:3 |       5 |       0 |   0.0 |       4 |       0 |   0.0
            +---------+---------+-------+---------+---------+-------
